 Dungeon Crawl Stone Soup version 0.27-a0-828-g8289197e94 (webtiles) character file.

Game seed: 4292113649838886126

441 Fess the Grappler (level 6, 0/53 HPs)
             Began as a Troll Earth Elementalist on Mar 30, 2021.
             Slain by a bullfrog (5 damage)
             ... in a sewer.
             The game lasted 00:06:07 (2368 turns).

Fess the Grappler (Troll Earth Elementalist)        Turns: 2368, Time: 00:06:07

Health: 0/53       AC:  4    Str: 17    XL:     6   Next: 71%
Magic:  4/6        EV: 10    Int: 11    God:
Gold:   97         SH:  0    Dex: 12    Spells: 6/7 levels left

rFire    . . .     SeeInvis .     - Unarmed
rCold    . . .     Faith    .   (no shield)
rNeg     . . .     Spirit   .   c - +0 robe
rPois    .         Reflect  .   (helmet restricted)
rElec    .         Harm     .   (no cloak)
rCorr    .         Rampage  .   (gloves unavailable)
Will     .....                  (boots unavailable)
Stlth    ++........             a - amulet of regeneration
HPRegen  2.17/turn              (no ring)
MPRegen  0.10/turn              (no ring)

@: flying
A: large, unfitting armour, claws 3, regeneration 1, shaggy fur 1, tough skin 1
a: no special abilities


You were in a sewer.
You visited 1 branch of the dungeon, and saw 4 of its levels.
You also visited: Sewer.

You collected 97 gold pieces.

Inventory:

Missiles
 b - 190 stones
Armour
 c - a +0 robe (worn)
 e - a +0 kite shield
Jewellery
 a - an amulet of regeneration (around neck)
Scrolls
 f - a scroll of teleportation {unknown}
 g - a scroll of identify {unknown}
 h - 2 scrolls of amnesia {unknown}
 k - a scroll of enchant weapon {unknown}
 o - a scroll of enchant armour {unknown}
Potions
 d - a potion of flight
 j - a potion of curing {unknown}
 l - a potion of haste {unknown}
 m - a potion of lignification {unknown}
 n - a potion of mutation {unknown}


   Skills:
 - Level 1.5 Dodging
 - Level 1.0 Stealth
 + Level 12.7 Unarmed Combat
 - Level 1.2 Spellcasting
 - Level 0.6 Transmutations
 - Level 2.6 Earth Magic


You had 6 spell levels left.
You knew the following spells:

 Your Spells              Type           Power      Damage    Failure   Level
a - Sandblast             Erth           12%        2d6       11%         1

Your spell library contained the following spells:

 Spells                   Type           Power      Damage    Failure   Level
 Passwall                 Tmut/Erth      3%         N/A       24%         2
 Animate Skeleton         Necr           0%         N/A       32%         1
 Apportation              Tloc           0%         N/A       32%         1
 Corona                   Hex            0%         N/A       32%         1
 Summon Small Mammal      Summ           0%         N/A       32%         1
 Stone Arrow              Conj/Erth      6%         3d7       50%         3
 Petrify                  Tmut/Erth      4%         N/A       85%         4
 Lee's Rapid Deconstruct  Erth           3%         3d6*      96%         5


Dungeon Overview and Level Annotations

Branches:
Dungeon (4/15)              Sewer (1/1)
 Temple: D:4-7

Altars:

Shops:
D:2 =

Annotations:
D:3 4 exclusions, Sigmund


Innate Abilities, Weirdness & Mutations

You are too large for most types of armour.
You have claws for hands.
Your natural rate of healing is unusually fast.
You are covered in fur. (AC +1)
You have tough skin. (AC +1)


Message History

The frilled lizard unfolds its giant frill.
The frilled lizard bites you.
You closely miss the frilled lizard.
The frilled lizard bites you but does no damage.
You barely miss the frilled lizard. You claw the frilled lizard.
You kill the frilled lizard!
No target in view!
You enter the shallow water.
Moving in this stuff is going to be slow.
A frilled lizard comes into view.
The frilled lizard hisses angrily.
A frilled lizard is nearby!
No reachable target in view!
No reachable target in view!
You enter the shallow water.
Moving in this stuff is going to be slow.
The blast of sand misses the frilled lizard.
The frilled lizard bites you but does no damage.
You closely miss the frilled lizard. The frilled lizard barely misses you.
You claw the frilled lizard!
You kill the frilled lizard!
No target in view!
Magic restored.
You enter the shallow water.
Moving in this stuff is going to be slow.
A ball python comes into view.
A ball python is nearby!
The ball python hisses angrily.
The blast of sand hits the ball python!
You kill the ball python!
A giant cockroach comes into view.
A giant cockroach is nearby!
You enter the shallow water.
Moving in this stuff is going to be slow.
You closely miss the giant cockroach. The giant cockroach bites you.
You barely miss the giant cockroach. The giant cockroach barely misses you.
You scratch the giant cockroach but do no damage.
The giant cockroach bites you.
You closely miss the giant cockroach.
The giant cockroach bites you but does no damage.
You claw the giant cockroach!
You kill the giant cockroach!
No target in view!
You enter the shallow water.
Moving in this stuff is going to be slow.
A quokka comes into view.
A giant cockroach comes into view.
A ball python comes into view.
The ball python hisses angrily.
The blast of sand hits the giant cockroach but does no damage.
The blast of sand misses the giant cockroach.
The blast of sand hits the ball python.
You kill the ball python!
The blast of sand hits the giant cockroach but does no damage.
The giant cockroach bites you but does no damage.
You scratch the giant cockroach but do no damage.
The giant cockroach splashes around in the water.
The giant cockroach bites you.
You claw the giant cockroach!
You kill the giant cockroach!
You scratch the quokka.
You kill the quokka!
No reachable target in view!
You enter the shallow water.
Moving in this stuff is going to be slow.
You see here a giant cockroach corpse.
The blast of sand hits the giant cockroach.
The giant cockroach is lightly wounded.
You can't see any susceptible monsters within range! (Use Z to cast anyway.)
You see here a ball python corpse.
You enter the shallow water.
Moving in this stuff is going to be slow.
You enter the shallow water.
Moving in this stuff is going to be slow.
The blast of sand hits the giant cockroach.
The giant cockroach is severely wounded.
The giant cockroach waves its antennae.
The giant cockroach completely misses you.
You scratch the giant cockroach but do no damage.
The giant cockroach is severely wounded.
The giant cockroach closely misses you.
The giant cockroach completely misses you.
You barely miss the giant cockroach.
The giant cockroach is severely wounded.
The giant cockroach waves its antennae.
The giant cockroach barely misses you.
You claw the giant cockroach!
You kill the giant cockroach!
No target in view!
You enter the shallow water.
Moving in this stuff is going to be slow.
A ball python comes into view.
The ball python hisses angrily.
An adder comes into view.
The blast of sand hits the ball python.
You kill the ball python!
The adder hisses angrily.
The blast of sand hits the adder.
The adder is moderately wounded.
The blast of sand hits the adder.
The adder is almost dead.
The adder bites you.
You claw the adder!
You kill the adder!
No target in view!
HP restored.
You see here a ball python corpse.
You enter the shallow water.
Moving in this stuff is going to be slow.
A quokka comes into view.
You enter the shallow water.
Moving in this stuff is going to be slow.
A frilled lizard comes into view.
You barely miss the quokka. The quokka closely misses you.
The quokka barely misses you.
You closely miss the quokka. The quokka misses you.
You scratch the quokka.
The quokka is severely wounded.
The quokka splashes around in the water.
You scratch the quokka.
The quokka is almost dead.
The frilled lizard bites you but does no damage.
The quokka splashes around in the water.
You scratch the quokka but do no damage.
The quokka is almost dead.
The frilled lizard bites you but does no damage.
The quokka bites you but does no damage.
You scratch the quokka.
You kill the quokka!
The frilled lizard barely misses you.
You miss the frilled lizard.
The frilled lizard hisses.
The frilled lizard barely misses you.
You closely miss the frilled lizard. The frilled lizard bites you.
You scratch the frilled lizard.
You kill the frilled lizard!
No target in view!
You enter the shallow water.
Moving in this stuff is going to be slow.
You see here a quokka corpse.
You enter the shallow water.
Moving in this stuff is going to be slow.
You enter the shallow water.
Moving in this stuff is going to be slow.
You enter the shallow water.
Moving in this stuff is going to be slow.
You enter the shallow water.
Moving in this stuff is going to be slow.
Found a gate leading back out of this place.
You enter the shallow water.
Moving in this stuff is going to be slow.
A bullfrog comes into view.
A bullfrog is nearby!
You enter the shallow water.
Moving in this stuff is going to be slow.
A bullfrog comes into view.
The bullfrog gives a loud, deep croak! x2
The blast of sand misses the bullfrog.
The bullfrog barely misses you.
You miss the bullfrog. The bullfrog closely misses you. The bullfrog hits you!
You scratch the bullfrog.
The bullfrog is moderately wounded.
The bullfrog hits you. x2; The bullfrog barely misses you.
You scratch the bullfrog.
The bullfrog is heavily wounded.
The bullfrog hits you! The bullfrog closely misses you.
You barely miss the bullfrog.
The bullfrog is heavily wounded.
The bullfrog closely misses you. The bullfrog hits you. x2
You closely miss the bullfrog.
The bullfrog is heavily wounded.
The bullfrog hits you. x2
You claw the bullfrog!
The bullfrog is almost dead.
The bullfrog hits you!
* * * LOW HITPOINT WARNING * * *
The bullfrog barely misses you.
The bullfrog hits you but does no damage.
The bullfrog hits you.
* * * LOW HITPOINT WARNING * * *
It was a potion of flight.
You feel very buoyant.
You fly up into the air.
The bullfrog swells and bulges.
The bullfrog hits you.
* * * LOW HITPOINT WARNING * * *
The bullfrog hits you.
* * * LOW HITPOINT WARNING * * *
It was a potion of experience.
You feel more experienced!
Your Unarmed Combat skill gained 7 levels and is now at level 12!
You have reached level 6!
Your experience leads to an increase in your attributes!
Increase (S)trength, (I)ntelligence, or (D)exterity?
You feel agile.
You feel stronger. The bullfrog hits you.
* * * LOW HITPOINT WARNING * * *
The bullfrog hits you.
* * * LOW HITPOINT WARNING * * *
The bullfrog hits you.
You die...

≈.# ### #.≈≈≈.# ≈≈#
###≈≈≈≈≈≈#### #≈≈≈≈†# ≈≈#
≈≈≈≈≈≈≈≈≈≈≈≈####≈≈≈≈.# ≈.#
##≈≈≈≈≈≈≈≈≈≈≈≈≈≈≈##≈≈≈≈†# ≈≈#
##≈≈≈≈≈≈≈≈≈≈≈.∩≈≈≈≈#≈≈≈≈.# ≈≈#
#≈≈≈≈≈≈.≈.≈≈≈..≈≈≈≈≈≈≈≈≈≈# ≈.#
#≈≈≈≈≈.../...≈≈≈≈≈≈≈≈≈≈≈≈# ≈†#
#≈≈≈≈≈≈.((F≈≈.≈≈≈≈≈≈≈≈≈≈≈# ≈≈#
#≈≈≈≈≈≈≈≈?F@≈.≈≈≈≈≈≈≈≈≈≈≈# ≈.#
#≈≈≈≈≈≈≈≈..≈≈≈≈≈≈≈≈≈≈≈≈≈≈# ≈.#
#≈≈≈≈≈≈≈≈≈≈≈.≈≈≈≈≈≈≈≈≈≈≈# ≈≈#
#≈≈≈≈≈≈≈≈≈≈≈≈≈≈≈≈≈≈.≈≈≈≈#
≈.#######≈≈≈≈≈≈≈≈≈≈≈≈≈≈≈≈.≈≈≈.#
≈≈≈..........≈≈≈≈≈≈≈≈≈≈..≈≈≈≈.#
≈≈≈≈≈≈≈≈≈≈≈≈≈≈≈≈≈≈≈≈≈≈≈≈≈≈≈≈≈.#
≈≈≈≈≈≈≈≈≈≈≈≈≈≈≈≈≈≈≈≈≈≈≈≈≈≈≈≈≈.#
≈≈≈≈≈≈≈≈≈≈≈≈≈÷≈≈≈≈≈≈≈≈≈≈≈≈≈≈..#


You could see 2 bullfrogs.

Vanquished Creatures
  A hound (D:4)
  Robin (D:3)
  3 adders
  4 river rats (D:4)
  An ufetubus (D:4)
  A worm (D:2)
  4 orcs (D:4)
  7 bats
  4 endoplasms
  5 giant cockroaches
  18 goblins
  15 hobgoblins
  10 jackals
  2 kobolds
  4 quokkas
  6 ball pythons
  8 frilled lizards
  10 rats
104 creatures vanquished.

Notes
Turn   | Place    | Note
-------+----------+-------------------------------------------
     0 | D:1      | Fess the Troll Earth Elementalist began the quest for the
                  | Orb.
     0 | D:1      | Reached XP level 1. HP: 16/16 MP: 1/1
   107 | D:1      | Reached skill level 1 in Unarmed Combat
   132 | D:1      | Reached XP level 2. HP: 20/24 MP: 2/2
   203 | D:1      | Reached skill level 2 in Unarmed Combat
   741 | D:2      | Reached XP level 3. HP: 31/31 MP: 3/3
   803 | D:2      | Reached skill level 3 in Unarmed Combat
   840 | D:2      | Found Ochen's Jewellery Shoppe.
  1272 | D:3      | Reached XP level 4. HP: 39/39 MP: 1/4
  1313 | D:3      | Noticed Sigmund
  1594 | D:3      | Noticed Robin
  1599 | D:3      | Reached skill level 4 in Unarmed Combat
  1639 | D:3      | Killed Robin
  1965 | D:4      | Reached skill level 5 in Unarmed Combat
  1965 | D:4      | Reached XP level 5. HP: 42/45 MP: 3/5
  2071 | D:4      | Found a glowing drain.
  2075 | Sewer    | Entered a sewer
  2368 | Sewer    | Reached skill level 12 in Unarmed Combat
  2368 | Sewer    | Reached XP level 6. HP: 7/53 MP: 4/6
  2368 | Sewer    | Slain by a bullfrog

Illustrated notes

Levels and vault maps discovered:
D:1:      dpeg_arrival_tiny_f, layout_basic
D:2:      layout_basic, serial_shops, nicolae_shop_trees
D:3:      kennysheep_goblin_castle, layout_basic, serial_glass, glass_columns_c,
          glass_columns_b, glass_columns_c, glass_columns_a, uniq_sigmund
D:4:      layout_gridville, gup_sewer_entry_spiral
Sewer:    sewer_frog_island_01

Skill      XL: |  1  2  3  4  5 |
---------------+----------------+-----
Unarmed Combat | 1 2 3 5 12 | 12.7
Dodging        | |  1.5
Stealth        | |  1.0
Spellcasting   | |  1.2
Transmutations | |  0.6
Earth Magic    | |  2.6

Action                   |  1- 3 |  4- 6 || total
-------------------------+-------+-------++-------
Melee: Unarmed           |   126 |   155 ||   281
       Punch             |     3 |     3 ||     6
 Cast: Sandblast         |     3 |    13 ||    16
  Use: Potion            |       |     2 ||     2
 Stab: Sleeping          |     1 |     2 ||     3
       Distracted        |       |     1 ||     1
Armor: Robe              |    42 |    53 ||    95
Dodge: Dodged            |    48 |    97 ||   145

Table legend: (Time is in decaauts)
 A = Elapsed time spent in this place.
 B = Non-inter-level travel time spent in this place.
 C = Inter-level travel time spent in this place.
 D = Time resting spent in this place.
 E = Time spent auto-exploring this place.
 F = Levels seen in this place.
 G = Mean time per level.
                   A        B        C        D        E       F      G
               +--------+--------+--------+--------+--------+-----+--------+
         Total |   2407 |   2299 |    108 |      0 |   1563 |   5 |  481.4 |
       Dungeon |   2081 |   1973 |    108 |      0 |   1358 |   4 |  520.2 |
         Sewer |    326 |    326 |      0 |      0 |    205 |   1 |  326.0 |
               +--------+--------+--------+--------+--------+-----+--------+

Top non-repeatable levels by time:
     D:1: 702 daAuts
     D:2: 605 daAuts
     D:3: 598 daAuts
   Sewer: 326 daAuts
     D:4: 175 daAuts
